 Dungeon Crawl Stone Soup version 0.25-a0-890-g62861fb (webtiles) character file.

Game seed: 99957156656938361, levelgen mode: deterministic

66 Faca the Skirmisher (level 3, -2/34 HPs)
             Began as a Draconian Berserker on May 5, 2020.
             Was a Believer of Trog.
             Slain by an orc
             ... wielding a +0 trident
              (4 damage)
             ... on level 2 of the Dungeon.
             The game lasted 00:01:07 (662 turns).

Faca the Skirmisher (Draconian Berserker)            Turns: 662, Time: 00:01:08

Health: -2/34      AC:  5    Str: 20    XL:     3   Next: 96%
Magic:  3/3        EV: 12    Int:  7    God:    Trog [**....]
Gold:   58         SH:  0    Dex: 10    Spells: 2/2 levels left

rFire    . . .     SeeInvis .   a - +0 falchion
rCold    . . .     Gourm    .   (no shield)
rNeg     . . .     Faith    .   (armour unavailable)
rPois    .         Spirit   .   (helmet restricted)
rElec    .         Reflect  .   (no cloak)
rCorr    .         Harm     .   (no gloves)
MR       .....                  (no boots)
Stlth    +.........             (no amulet)
HPRegen  0.11/turn              (no ring)
MPRegen  0.08/turn              (no ring)

@: no status effects
A: unfitting armour, cold-blooded, AC +5
a: Berserk, Trog's Hand, Renounce Religion


You were on level 2 of the Dungeon.
You worshipped Trog.
Trog was pleased with you.
You were not hungry.

You visited 1 branch of the dungeon, and saw 2 of its levels.

You collected 58 gold pieces.

Inventory:

Hand Weapons
 a - a +0 falchion (weapon)
Missiles
 g - 4 boomerangs (quivered)
Scrolls
 d - a scroll of identify
 f - a scroll of enchant weapon
Comestibles
 b - 2 rations


   Skills:
 + Level 4.4 Fighting
 + Level 4.0 Long Blades
 - Level 2.6 Dodging


You had 2 spell levels left.
You didn't know any spells.
Your spell library was empty.

Dungeon Overview and Level Annotations

Branches:
Dungeon (2/15)

Altars:


Innate Abilities, Weirdness & Mutations

Your plain brown scales are hard. (AC +5)
You cannot fit into any form of body armour.
You are cold-blooded and may be slowed by cold attacks.


Message History

The orc hits you with a +0 trident!
* * * LOW HITPOINT WARNING * * *
Things that are here:
a cursed -1 flail; an orc corpse You hit the orc.
You tail-slap the orc, but do no damage.
The orc is moderately wounded.
The orc barely misses you.
You riposte.
You hit the orc.
Your tail-slap misses the orc.
The orc is severely wounded.
You hit the orc but do no damage.
Your tail-slap misses the orc.
The orc is severely wounded.
The orc hits you but does no damage.
You hit the orc but do no damage.
The orc is severely wounded.
The orc barely misses you.
You barely miss the orc.
The orc is severely wounded.
The orc hits you with a +0 trident.
You die...

+...+ #...#
###...#
.....###+##
####..........
.....(....... #
#.#..))......
#.#.#.#o#
..#.#.#.#.#@#
.......<#.#.#
...####.#†#†#
+......#.#
..####.###.####.#
............≈≈≈≈.#
....###.##≈≈≈≈≈≈.#
.. ...≈≈≈≈≈≈≈≈.#
..≈≈≈≈≈≈≈≈≈≈..#


You could see an orc.

Vanquished Creatures
  An orc priest (D:2)
  An ooze (D:1)
  A dart slug (D:1)
  2 leopard geckos (D:1)
  3 orcs (D:2)
  A bat (D:1)
  A giant cockroach (D:2)
  2 goblins (D:1)
  3 hobgoblins (D:1)
  A ball python (D:2)
  3 frilled lizards
  3 kobolds (D:1)
  6 rats
28 creatures vanquished.

Notes
Turn   | Place    | Note
-------+----------+-------------------------------------------
     0 | D:1      | Faca the Draconian Berserker began the quest for the Orb.
     0 | D:1      | Reached XP level 1. HP: 19/19 MP: 1/1
   157 | D:1      | Reached XP level 2. HP: 23/26 MP: 2/2
   409 | D:1      | Reached ** piety under Trog
   617 | D:2      | Reached XP level 3. HP: 33/33 MP: 3/3
   662 | D:2      | Slain by an orc

Levels and vault maps discovered:
D:1:      elethiomel_arrival_infinity_welcomes_careful_drivers, layout_basic
D:2:      wander_river, layout_basic, old_standard_altar, kennysheep_slug_shrine

Skill      XL: |  1  2  3 |
---------------+----------+-----
Fighting       | 4 |  4.4
Long Blades    | 4 |  4.0
Dodging        | |  2.6

Action                   || total
-------------------------++-------
Melee: Falchion          ||    67
       Tailslap          ||    16
  Use: Scroll            ||     3
 Stab: Sleeping          ||     1
Armor: Skin              ||    22
Dodge: Dodged            ||    52
       Rpst.: Falchion   ||    12

Table legend:
 A = Non-vault XP
 B = Vault XP
 C = Vault XP percentage of total XP
 D = Non-vault monster count
 E = Vault monster count
 F = Vault count percentage of total count
                 A         B        C        D         E       F
            +---------+---------+-------+---------+---------+-------
      Total |      95 |       0 |   0.0 |      28 |       0 |   0.0
            +---------+---------+-------+---------+---------+-------
        D:1 |      40 |       0 |   0.0 |      20 |       0 |   0.0
        D:2 |      55 |       0 |   0.0 |       8 |       0 |   0.0
            +---------+---------+-------+---------+---------+-------
